Map: [ESL] Dragon Scales

Players

ByuN - Winner!

  • Race: Terran Terran
  • Spawn Location: 5:00

Clem

  • Race: Terran Terran
  • Spawn Location: 11:00

Event: ESL SC2 Masters 2023 Summer (Finals)

VOD

Have the link to the VOD?

Description

Time

  • Played on: June 17, 2023, 1:54 p.m.
  • Length: 10:25

All games in this series

Show
View Real Time Build Order
Export as new Build Order

ByuN Terran - Winner!

Build Orders:  

Get SALT Encoding   

  12  0:00  SCV  
  13  0:12  SCV  
  14  0:17  Supply Depot  
  14  0:24  SCV  
  15  0:39  Barracks, SCV  
  16  0:42  Refinery  
  16  0:51  SCV  
  16  0:52  Refinery  
  17  1:03  SCV  
  18  1:15  SCV  
  19  1:26  Barracks Reactor  
  19  1:28  Orbital Command  
  19  1:32  Supply Depot  
  19  1:40  Factory  
  19  1:53  SCV  
  20  2:05  SCV, Reaper x2  
  23  2:18  SCV  
  24  2:24  Hellion  
  24  2:29  Command Center  
  26  2:31  SCV  
  27  2:37  Reaper x2  
  29  2:46  Hellion  
  29  2:48  Supply Depot  
  31  2:56  Starport  
  31  3:10  Marine x2, SCV  
  31  3:11  Factory Tech Lab  
  34  3:22  SCV  
  35  3:32  Marine x2  
  34  3:34  SCV  
  37  3:42  Medivac  
  37  3:44  Orbital Command  
  37  3:45  Cyclone  
  37  3:47  SCV  
  40  3:50  Marine  
  40  3:51  Marine  
  42  3:59  SCV  
  43  4:06  Refinery  
  43  4:07  Supply Depot  
  43  4:10  SCV  
  43  4:11  Marine x2, SCV  
  43  4:15  Starport Tech Lab  
  47  4:22  Siege Tank  
  51  4:26  SCV x2  
  51  4:30  Supply Depot  
  52  4:37  Raven  
  54  4:38  SCV  
  54  4:39  SCV  
  54  4:41  Barracks  
  56  4:51  SCV x2  
  58  4:54  Marine x2  
  55  5:03  SCV x2  
  54  5:07  Siege Tank  
  57  5:15  SCV x2  
  57  5:20  Marine x2  
  61  5:21  Command Center  
  61  5:22  Starport Reactor  
  61  5:26  Supply Depot  
  61  5:34  Stimpack, Marine, SCV x2  
  64  5:35  Supply Depot  
  64  5:42  Siege Tank  
  67  5:43  Marine  
  67  5:44  Marine  
  67  5:47  SCV  
  67  5:48  SCV  
  71  5:57  Marine, Supply Depot  
  71  5:59  Medivac x2  
  71  6:00  SCV x2  
  71  6:03  Refinery  
  79  6:10  Marine x2  
  80  6:15  Marine  
  80  6:16  SCV x2  
  83  6:19  Siege Tank  
  83  6:21  Engineering Bay  
  83  6:22  Engineering Bay  
  86  6:28  SCV x2  
  87  6:34  Orbital Command, Barracks  
  87  6:39  Supply Depot  
  86  6:40  Starport Reactor, Barracks Reactor  
  86  6:42  Marine  
  86  6:46  SCV x2  
  89  6:48  Barracks  
  89  6:51  Terran Infantry Weapons Level 1  
  89  6:53  Terran Infantry Armor Level 1  
  89  6:55  Orbital Command  
  89  6:59  Siege Tank  
  89  7:00  SCV x2  
  94  7:07  Supply Depot  
  94  7:12  SCV  
  95  7:18  Barracks  
  95  7:19  Marine x3  
  95  7:21  Medivac x2  
  102  7:24  Barracks Reactor  
  102  7:30  SCV x2  
  102  7:31  Siege Tank, Supply Depot  
  102  7:33  Combat Shield  
  102  7:34  Marine x2  
  102  7:36  Marine  
  102  7:37  Marine  
  109  7:39  Marine  
  112  7:51  SCV  
  114  7:52  Marine x2  
  114  7:54  Marine x2  
  114  7:57  Marine  
  106  8:00  Marine x2  
  106  8:04  Marine  
  108  8:09  Siege Tank  
  108  8:10  Marine x2  
  108  8:12  Marine x2  
  105  8:14  Marine  
  105  8:18  Marine x2  
  109  8:29  Supply Depot  
  109  8:30  Supply Depot  
  109  8:33  Orbital Command  
  109  8:48  Armory  
  109  8:50  Marine x5  
  110  8:55  Marine  
  110  8:56  Marine x2  
  107  9:08  Marine x5  
  112  9:13  Marine x2  
  112  9:14  Marine  
  112  9:16  Siege Tank  
  115  9:26  Marine x5  
  120  9:31  Marine x3  
  120  9:37  Medivac  
  124  9:39  Medivac  
  124  9:44  Marine x2  
  125  9:58  Marine x2  
  133  10:21  Supply Depot  
  133  10:22  Refinery x2  
  133  10:23  Supply Depot  
Show
View Real Time Build Order
Export as new Build Order

Clem Terran 

Build Orders:  

Get SALT Encoding   

  12  0:00  SCV  
  13  0:12  SCV  
  14  0:17  Supply Depot  
  14  0:24  SCV  
  15  0:38  SCV  
  15  0:39  Barracks  
  16  0:43  Refinery  
  16  0:50  SCV  
  17  0:57  Barracks  
  17  1:02  SCV  
  18  1:07  Refinery  
  18  1:14  SCV  
  19  1:26  Reaper  
  19  1:29  Orbital Command  
  20  1:38  Supply Depot  
  20  1:44  Reaper  
  21  1:54  SCV  
  21  1:58  Reaper  
  23  2:06  SCV  
  23  2:07  Factory  
  24  2:17  Reaper  
  24  2:19  SCV  
  26  2:36  Command Center  
  26  2:38  SCV  
  26  2:41  Reaper  
  28  2:46  Supply Depot  
  30  2:51  Hellion  
  30  2:55  SCV  
  30  2:58  Barracks Tech Lab  
  31  3:07  SCV  
  32  3:18  Barracks Reactor  
  32  3:19  SCV  
  33  3:20  Cyclone  
  33  3:25  Barracks Tech Lab  
  36  3:32  SCV  
  32  3:44  Stimpack, Marine  
  32  3:46  SCV  
  32  3:48  Orbital Command  
  34  3:54  Supply Depot  
  34  3:55  Marine x2  
  35  3:58  SCV  
  35  3:59  Starport  
  37  4:04  Marine  
  38  4:10  SCV  
  38  4:11  Factory Reactor  
  38  4:13  Marine  
  38  4:14  SCV, Marine  
  42  4:21  Supply Depot  
  42  4:22  SCV, Marine  
  44  4:26  SCV  
  44  4:31  Marine  
  45  4:32  Marine  
  45  4:34  SCV  
  45  4:38  SCV  
  49  4:40  Marine  
  49  4:42  Supply Depot  
  50  4:46  SCV  
  50  4:49  Marine  
  50  4:51  Marine, SCV  
  51  4:58  Marine, SCV  
  46  5:02  Medivac  
  46  5:03  SCV, Medivac  
  46  5:07  Marine  
  49  5:10  Marine, SCV  
  52  5:15  SCV  
  52  5:17  Command Center  
  53  5:21  Marine  
  53  5:22  SCV  
  53  5:24  Marine, Siege Tank  
  53  5:27  Supply Depot  
  59  5:28  SCV  
  59  5:31  Marine  
  59  5:35  SCV  
  62  5:37  Refinery  
  62  5:40  Marine, SCV  
  64  5:44  Supply Depot  
  64  5:45  Marine  
  64  5:47  SCV  
  64  5:48  Combat Shield  
  64  5:49  Marine  
  67  5:51  Refinery  
  67  5:53  Barracks  
  67  5:56  SCV  
  68  5:59  SCV  
  68  6:02  Marine  
  70  6:05  Marine, Siege Tank  
  70  6:08  SCV  
  70  6:10  Marine  
  70  6:11  SCV  
  77  6:19  Engineering Bay  
  77  6:20  SCV  
  77  6:21  Engineering Bay  
  77  6:25  Marine x2  
  80  6:26  SCV  
  80  6:30  Medivac x2  
  84  6:32  SCV  
  84  6:36  Marine  
  84  6:38  Siege Tank  
  88  6:43  SCV  
  88  6:44  Marine  
  88  6:45  Marine, Barracks Reactor  
  91  6:50  SCV  
  91  6:52  Supply Depot  
  92  6:57  SCV  
  92  6:58  Supply Depot  
  93  7:04  SCV  
  93  7:05  Supply Depot  
  93  7:06  Marine x2  
  93  7:07  Marine  
  97  7:11  Orbital Command  
  97  7:13  SCV  
  98  7:16  SCV  
  98  7:18  Siege Tank  
  102  7:24  Marine x3  
  102  7:25  Marine  
  102  7:26  Supply Depot  
  102  7:27  SCV  
  102  7:28  SCV  
  108  7:31  Marine  
  106  7:37  SCV  
  106  7:40  SCV  
  106  7:42  Marine  
  106  7:43  Marine  
  106  7:44  Engineering Bay x2  
  105  7:55  Marine  
  105  7:57  Marine  
  94  7:59  Marine  
  94  8:01  Marine  
  94  8:04  Siege Tank  
  94  8:05  Marine  
  81  8:12  Marine  
  81  8:14  Marine  
  81  8:16  SCV x2  
  81  8:17  Marine  
  86  8:22  Marine  
  82  8:28  SCV x2  
  82  8:30  Marine  
  84  8:35  Marine  
  84  8:40  SCV x2  
  87  8:45  Siege Tank  
  89  8:49  Marine x2  
  89  8:53  Marine  
  89  8:55  Marine  
  87  9:00  SCV x2  
  89  9:07  Marine  
  89  9:09  Marine  
  91  9:12  SCV  
  91  9:13  Marine  
  89  9:17  Siege Tank  
  89  9:20  Marine  
  93  9:26  Marine  
  93  9:28  Marine  
  90  9:32  Marine  
  90  9:35  Orbital Command  
  80  9:38  Marine  
  80  9:41  SCV  
  77  9:53  SCV  
  81  10:00  SCV  
  81  10:05  SCV  
Tags
 
Add a new tag
Caveats
  • Supply blocks, unpowered buildings, or Contaminate may cause inaccurate times.
  • Supply counts are checked every 10 seconds.